 Dungeon Crawl Stone Soup version 0.25.1-2-g60ff931df9 (webtiles) character file.

Game seed: 16458941411274449465

166545 hawla the Impaler (level 17, -3/152 HPs)
             Began as a Minotaur Berserker on Oct 11, 2020.
             Was the Champion of Trog.
             Slain by a moth of wrath (11 damage)
             ... on level 3 of the Snake Pit on Oct 12, 2020.
             The game lasted 01:41:45 (39204 turns).

hawla the Impaler (Minotaur Berserker)             Turns: 39204, Time: 01:41:45

Health: -3/152     AC: 24    Str: 28 (29) XL:     17   Next: 5%
Magic:  2/20       EV: 20    Int: 11      God:    Trog [******]
Gold:   482        SH:  5    Dex:  9 (10) Spells: 16/16 levels left

rFire    + . .     SeeInvis .   D - +6 glaive (distort)
rCold    + . .     Gourm    .   (shield currently unavailable)
rNeg     . . .     Faith    .   U - +7 scale mail of Protective Custody {rCorr Slay+2}
rPois    +         Spirit   .   (helmet restricted)
rElec    +         Reflect  +   f - +1 cloak of Starlight {rElec rC+ EV+4 Stlth--}
rCorr    +         Harm     .   d - +0 pair of gloves of Golden Salvation {rF+ Int+7}
MR       ++++.     Rnd*Rage +   y - +2 pair of boots
Stlth    ..........             s - amulet of reflection
HPRegen  1.35/turn              a - ring of protection from magic
MPRegen  0.17/turn              G - ring of poison resistance

@: about to teleport, regenerating
A: retaliatory headbutt, horns 2, berserk 1, deterioration 1, low mp 1
}: 1/15 runes: serpentine
a: Berserk, Trog's Hand, Brothers in Arms, Renounce Religion


You were on level 3 of the Snake Pit.
You worshipped Trog.
Trog was exalted by your worship.
You were not hungry.

You visited 5 branches of the dungeon, and saw 27 of its levels.
You visited 1 bazaar.
You also visited: Sewer and Ossuary.

You collected 2821 gold pieces.
You spent 2339 gold pieces at shops.

Inventory:

Hand Weapons
 g - a +6 battleaxe
 D - a +6 glaive of distortion (weapon)
 J - the +8 quarterstaff of the Thoughtful Cities {flame, Int+4}
   (You took it off an orc warrior on level 6 of the Dungeon)

   It has been specially enchanted to burn those struck by it, causing extra
   injury to most foes and up to half again as much damage against particularly
   susceptible opponents.
   It affects your intelligence (+4).
Missiles
 m - 43 boomerangs
 n - 63 poisoned darts
 R - 4 javelins (quivered)
Armour
 d - the +0 pair of gloves of Golden Salvation (worn) {rF+ Int+7}
   (You acquired it in the Ecumenical Temple)

   It affects your intelligence (+7).
   It protects you from fire.
 f - the +1 cloak of Starlight (worn) {rElec rC+ EV+4 Stlth--}
   (You found it on level 9 of the Dungeon)

   It affects your evasion (+4).
   It protects you from cold.
   It insulates you from electricity.
   It makes you much less stealthy.
 y - a +2 pair of boots (worn)
 U - the +7 scale mail of Protective Custody (worn) {rCorr Slay+2}
   (You bought it in a shop in a bazaar)

   It affects your accuracy and damage with ranged weapons and melee attacks
   (+2).
   It provides partial protection from all sources of acid and corrosion.
Jewellery
 a - a ring of protection from magic (left hand)
 o - an uncursed ring of flight
 s - an amulet of reflection (around neck)
 G - a ring of poison resistance (right hand)
 I - an uncursed ring of protection from fire
Wands
 r - a wand of random effects (20)
 w - a wand of flame (74)
 K - a wand of paralysis (26)
 L - a wand of acid (19)
 O - a wand of iceblast (13)
 S - a wand of enslavement (13)
 T - a wand of clouds (4)
 X - a wand of digging (5)
 Y - a wand of disintegration (15)
Scrolls
 h - 3 scrolls of identify
 j - 8 scrolls of magic mapping
 l - 11 scrolls of fog
 v - 6 scrolls of remove curse
 B - a scroll of teleportation
Potions
 b - 18 potions of curing
 k - a potion of resistance
 p - 6 potions of stabbing
 t - 6 potions of haste
 E - 4 potions of flight
 M - a potion of might
 P - a potion of magic
Miscellaneous
 e - a lightning rod (4/4)
 q - a lightning rod (4/4)
 A - 2 boxes of beasts
 F - a tin of tremorstones (3/3)
 N - a tin of tremorstones (3/3)
 Q - a phial of floods
Comestibles
 c - 8 rations


   Skills:
 + Level 14.1 Fighting
 + Level 9.3(15.5) Axes
 + Level 19.5(21.0) Polearms
 * Level 11.6(16.8) Staves
 + Level 6.0 Throwing
 + Level 12.9 Armour
 * Level 13.7 Dodging
 * Level 9.0 Evocations


You had 16 spell levels left.
You didn't know any spells.
Your spell library was empty.

Dungeon Overview and Level Annotations

Branches:
Dungeon (15/15)            Temple (1/1) D:5            Lair (5/6) D:10
 Shoals (0/4) Lair:3        Snake (4/4) Lair:2        Slime (0/5) Lair:5
    Orc (2/2) D:12            Elf (0/3) Orc:2        Vaults (0/5) D:14
 Depths (0/5) D:15          Sewer (visited)         Ossuary (visited)

Altars:
Ashenzari
Cheibriados
Dithmenos
Fedhas
Gozag
Hepliaklqana
Qazlal
Trog
Uskayaw
Yredelemnul
Beogh

Shops:
D:8 =   Orc:2 }*[!   Snake:2 :*   Snake:3 =}=

Portals:
Pandemonium: Orc:2

Annotations:
D:4 Edmund
Lair:4 Rupert
Snake:3 1 transporter, Zonian's ghost, adept HOFi
Abyss:1 Dowan; Harold


Innate Abilities, Weirdness & Mutations

You reflexively headbutt those who attack you in melee.
You have a pair of horns on your head.
You tend to lose your temper in combat.
Your body sometimes deteriorates upon taking damage.
Your magical capacity is low. (-10% MP)


Message History

You are engulfed in flames.
You resist.
Your skin crawls.
You feel resistant to hostile enchantments.
You feel somewhat more hungry.
The naga warrior hits you with the +2 scimitar of the Howling Shrike {antimagic, rPois}!!
* * * LOW HITPOINT WARNING * * *
You feel your power leaking away. The naga warrior misses you.
The salamander barely misses you. The salamander misses you.
The moth of wrath bites you!
* * * LOW HITPOINT WARNING * * *
The naga warrior hits you with the +2 scimitar of the Howling Shrike {antimagic, rPois}!!
* * * LOW HITPOINT WARNING * * *
You feel your power leaking away. The naga warrior completely misses you.
Zonian's ghost hits you but does no damage.
As you read the scroll of teleportation, it crumbles to dust.
You feel strangely unstable. The salamander completely misses you.
You furiously retaliate!
You headbutt the salamander. You block the salamander's attack.
The moth of wrath bites you!
You die...

#...#♣.P...PP♣
##.<#♣P..⌠..P♣
#...#♣.∩...∩.♣
####...#♣♣..∩..♣♣#
##......# ♣♣P.P♣♣##
###.......# ♣♣♣♣♣ #.
###...S.....## ##
##...#####....## #
#..###y@N###...##
##.##.NNNWN###...##
#..#....###NN#....##
#.##....# #..##..#.## #
#.#.......#..N#...#.## ##
#.#©###!_yNNN.#.#....###.
#.#..#§§.N###W#.##....#.#
#.##.###.#≈#.##........#.
#..###....####...###....#


You could see 3 naga warriors, 3 salamanders, a moth of wrath, a black mamba, 2
nagas and Zonian's ghost.

Vanquished Creatures
  Jorgrun (D:13)
  8 nagarajas
  A fire dragon (D:15)
  An ice dragon (D:15)
  16 naga warriors
  A hydra (Lair:2)
  A catoblepas (D:14)
  3 centaur warriors
  2 dancing weapons (D:14)
  11 anacondas
  3 two-headed ogres
  A death yak (D:9)
  3 orc high priests (Orc:2)
  7 naga sharpshooters
  6 shock serpents
  A salamander mystic (Snake:4)
  A torturous demonspawn (Orc:2)
  An infernal demonspawn (Orc:2)
  A gelid demonspawn (Orc:2)
  5 naga ritualists
  Pikel (D:5)
  4 orc knights
  10 ugly things
  The ghost of axecop the Chopper, a novice DsAK of Lugonu (D:6)
  4 cyclopes
  7 mana vipers
  A manticore (D:11)
  A deep elf mage (D:14)
  10 elephants
  10 orc sorcerers
  31 black mambas
  5 guardian serpents
  9 salamanders
  2 centaur skeletons
  An ice statue (D:14)
  A smoke demon (Orc:2)
  21 naga magi
  9 spiny frogs
  3 komodo dragons
  A red devil (Orc:2)
  A hellwing (Orc:2)
  10 trolls
  A queen bee (D:14)
  2 slime creatures (D:12)
  10 blink frogs
  A raiju (shapeshifter) (D:13)
  A snapping turtle (Lair:3)
  2 dream sheep (Lair:3)
  7 hippogriffs
  3 shadows (D:11)
  4 wyverns
  2 wraiths
  4 hogs (D:12)
  19 yaks
  2 hungry ghosts
  2 basilisks
  3 chaos spawn (Orc:2)
  5 vampire mosquitoes
  Menkaure (D:5)
  4 wargs
  38 nagas
  Duvessa (D:7)
  2 acid dragons
  15 water moccasins
  7 porcupines
  3 sky beasts
  33 orc warriors
  2 slaves (D:5)
  2 phantoms (D:8)
  2 ice beasts
  12 ogres
  4 wolves (Lair:3)
  2 eyes of draining
  A black bear (D:8)
  9 centaurs
  7 crocodiles
  2 big kobolds
  Blork the orc (D:5)
  20 bullfrogs
  A gnoll sergeant (D:10)
  2 water moccasin zombies
  6 scorpions
  A wyvern skeleton (D:9)
  22 killer bees
  12 wights
  A howler monkey (D:4)
  A bullfrog zombie (D:5)
  2 centaur zombies
  6 crimson imps
  A quasit (D:11)
  36 orc priests
  Crazy Yiuf (D:5)
  3 bullfrog skeletons
  6 hounds
  6 jellies
  A gnoll shaman (Orc:2)
  22 orc wizards
  3 iguanas
  8 worker ants
  A hell rat (D:10)
  A killer bee zombie (D:6)
  A big kobold zombie (Ossuary)
  3 hound skeletons
  3 mummies
  2 worker ant zombies
  10 gnolls
  13 adders
  3 river rats
  5 shadow imps
  An ooze (Sewer)
  10 adder zombies
  9 worms
  2 dart slugs
  2 leopard geckos
  104 orcs
  9 ball pythons
  4 bats
  5 giant cockroaches
  12 hobgoblins
  3 jackals (D:3)
  22 kobolds
  5 quokkas
  5 frilled lizards
  2 gnoll zombies (Ossuary)
  6 goblins
  A goblin zombie (D:6)
  2 hobgoblin zombies (Ossuary)
  A jackal zombie (D:5)
  7 kobold zombies (Ossuary)
  3 leopard gecko skeletons
  5 orc zombies
  34 rats
  A bush (D:5)
  A plant (Lair:3)
892 creatures vanquished.

Vanquished Creatures (collateral kills)
  2 hydras
  2 orc knights (Orc:2)
  An orc sorcerer (Orc:2)
  Maggie (D:7)
  A komodo dragon (Lair:4)
  An orc warrior (D:13)
  A crocodile (Lair:4)
  An orc priest (D:13)
  A bullfrog zombie (D:13)
  2 orc wizards (D:13)
13 creatures vanquished.

Vanquished Creatures (others)
  Kirke (D:12)
  A nagaraja (Snake:4)
  An orc warlord (Orc:1)
  2 naga warriors (Snake:4)
  2 two-headed ogres
  2 anacondas (Snake:3)
  A death yak (D:9)
  5 naga sharpshooters
  3 naga ritualists
  An orc knight (D:15)
  2 mana vipers (Snake:1)
  A wolf spider (D:15)
  2 salamanders (Snake:3)
  6 naga magi
  2 elephants
  A black mamba (Snake:4)
  A rust devil (Orc:2)
  A spiny frog (Lair:5)
  2 trolls
  3 blink frogs
  A slime creature (D:12)
  A wyvern (D:10)
  2 yaks (D:11)
  A hog (D:12)
  3 nagas (Snake:4)
  A soldier ant (D:10)
  A water moccasin (Lair:1)
  8 orc warriors
  An ogre (D:9)
  A black bear (D:9)
  A phantom (D:12)
  An eye of draining (D:15)
  A crocodile (Lair:3)
  2 wights
  2 centaur zombies
  2 orc priests (Orc:2)
  2 jellies
  2 orc wizards (D:13)
  A bullfrog skeleton (D:10)
  An iguana (D:9)
  3 orcs
  2 fungi
  12 plants (Lair:3)
92 creatures vanquished.

Grand Total: 997 creatures vanquished

Notes
Turn   | Place    | Note
-------+----------+-------------------------------------------
     0 | D:1      | hawla the Minotaur Berserker began the quest for the Orb.
     0 | D:1      | Reached XP level 1. HP: 19/19 MP: 0/0
   487 | D:1      | Reached XP level 2. HP: 26/27 MP: 1/1
  1291 | D:2      | Reached XP level 3. HP: 31/33 MP: 2/2
  1537 | D:2      | Reached ** piety under Trog
  1832 | D:2      | Found a basalt altar of Yredelemnul.
  1909 | D:3      | Found a glowing drain.
  1921 | Sewer    | Entered a sewer
  2229 | Sewer    | Reached XP level 4. HP: 19/41 MP: 3/3
  2412 | Sewer    | Noticed a big kobold
  2418 | Sewer    | Killed a big kobold
  2418 | Sewer    | Reached skill level 5 in Axes
  2418 | Sewer    | Reached XP level 5. HP: 33/47 MP: 4/4
  3254 | Sewer    | Reached *** piety under Trog
  4112 | D:3      | Reached skill level 5 in Fighting
  4112 | D:3      | Reached XP level 6. HP: 48/56 MP: 5/5
  4747 | D:3      | Found a blossoming altar of Fedhas.
  5110 | D:4      | Reached skill level 1 in Throwing
  5714 | D:4      | Noticed Edmund
  6098 | D:4      | Reached XP level 7. HP: 61/61 MP: 6/6
  6341 | D:5      | Entered Level 5 of the Dungeon
  6415 | D:5      | Found a staircase to the Ecumenical Temple.
  6485 | D:5      | Noticed Blork the orc
  6487 | D:5      | Reached **** piety under Trog
  6494 | D:5      | Killed Blork the orc
  6677 | D:5      | Noticed Menkaure
  6685 | D:5      | Killed Menkaure
  6685 | D:5      | Reached skill level 5 in Armour
  6685 | D:5      | Reached skill level 5 in Dodging
  6850 | D:5      | Reached XP level 8. HP: 70/70 MP: 7/7
  6980 | D:5      | Noticed Pikel
  7020 | D:5      | Killed Pikel
  7368 | D:5      | Found a runed translucent door.
  7369 | D:5      | Noticed Crazy Yiuf
  7758 | D:5      | Killed Crazy Yiuf
  7893 | D:6      | Found a sand-covered staircase.
  7926 | Ossuary  | Entered an ossuary
  8018 | Ossuary  | Reached skill level 1 in Staves
  8237 | D:6      | Found a runed translucent gate.
  8237 | D:6      | Noticed axecop's ghost (novice DsAK)
  8238 | D:6      | Found a runed translucent gate.
  8239 | D:6      | Found a runed translucent gate.
  8242 | D:6      | Identified the +8 quarterstaff of the Thoughtful Cities
                  | {flame, Int+4}
  8278 | D:6      | Reached ***** piety under Trog
  8839 | D:6      | Reached XP level 9. HP: 78/78 MP: 8/8
  8866 | D:6      | Noticed a troll
  8871 | D:6      | Killed a troll
  9065 | D:6      | Found a roughly hewn altar of Beogh.
  9147 | D:7      | Found a shattered altar of Ashenzari.
  9427 | D:7      | Reached skill level 5 in Staves
  9621 | D:7      | Noticed Maggie
  9631 | D:7      | Killed Maggie
  9734 | Temple   | Entered the Ecumenical Temple
  9873 | D:7      | Noticed Dowan
  9874 | D:7      | Noticed Duvessa
  9875 | D:7      | Banished Dowan
  9885 | D:7      | Killed Duvessa
 10035 | D:7      | Noticed Harold
 10045 | D:7      | Reached skill level 1 in Polearms
 10046 | D:7      | Banished Harold
 10046 | D:7      | Reached skill level 2 in Polearms
 10222 | D:6      | Reached skill level 3 in Polearms
 10411 | D:6      | Reached XP level 10. HP: 86/86 MP: 9/9
 10429 | D:6      | Killed axecop's ghost
 10429 | D:6      | Reached skill level 4 in Polearms
 10475 | D:6      | Got a pair of ichor-stained gloves
 10481 | D:6      | Identified the cursed +0 pair of gloves of Jipuh {*Contam
                  | *Slow rC+++ Int+2} (You found it on level 6 of the Dungeon)
 10533 | D:8      | Noticed a two-headed ogre
 10728 | D:8      | Killed a two-headed ogre
 10728 | D:8      | Reached skill level 5 in Polearms
 10989 | D:8      | Reached skill level 6 in Polearms
 10990 | D:8      | Found Qicohire's Jewellery Emporium.
 11006 | D:8      | Bought an uncursed ring of flight for 192 gold pieces
 11006 | D:8      | Bought an uncursed ring of poison resistance for 220 gold
                  | pieces
 11192 | D:8      | Reached skill level 7 in Polearms
 12110 | D:9      | Noticed a two-headed ogre
 12113 | D:9      | Killed a two-headed ogre
 12118 | D:9      | Found the +1 cloak of Starlight {rElec rC+ EV+4 Stlth--}
 12220 | D:9      | Reached skill level 8 in Polearms
 12591 | D:9      | Found a snail-covered altar of Cheibriados.
 12596 | D:9      | Found a stormy altar of Qazlal.
 12599 | D:9      | Found a shadowy altar of Dithmenos.
 12683 | D:10     | Entered Level 10 of the Dungeon
 12689 | D:10     | Noticed a death yak
 12689 | D:10     | Noticed a death yak
 12695 | D:10     | Noticed a death yak
 12699 | D:9      | Banished a death yak
 12710 | D:9      | Banished a death yak
 12710 | D:9      | Reached XP level 11. HP: 94/95 MP: 10/10
 12712 | D:9      | Killed a death yak
 12712 | D:9      | Reached skill level 9 in Polearms
 12767 | D:10     | Found a staircase to the Lair.
 12808 | D:10     | Received a gift from Trog
 12809 | D:10     | Got a smoking quarterstaff {god gift}
 12826 | D:10     | Identified the +0 quarterstaff of Optimality {vorpal, rElec
                  | rF++ Int+4} (Trog gifted it to you on level 10 of the
                  | Dungeon)
 12842 | D:10     | Gained mutation: Your magical capacity is low. (-10% MP)
                  | [mutagenic glow]
 13132 | D:10     | Reached skill level 10 in Polearms
 13814 | D:11     | Noticed a green ugly thing
 13823 | D:11     | Noticed a brown ugly thing
 13825 | D:11     | Killed a green ugly thing
 13835 | D:11     | Killed a brown ugly thing
 13835 | D:11     | Reached skill level 1 in Evocations
 14237 | D:11     | Reached skill level 11 in Polearms
 14866 | D:12     | Reached skill level 10 in Dodging
 14866 | D:12     | Reached XP level 12. HP: 105/105 MP: 11/11
 14879 | D:12     | Noticed Kirke
 14902 | D:12     | Killed Kirke
 14902 | D:12     | Reached skill level 12 in Polearms
 15190 | D:12     | Received a gift from Trog
 15313 | D:12     | Reached skill level 10 in Armour
 15420 | D:12     | Found a staircase to the Orcish Mines.
 16070 | D:13     | Noticed Jorgrun
 16093 | D:13     | Killed Jorgrun
 16098 | D:13     | Reached skill level 13 in Polearms
 16111 | D:13     | Reached skill level 10 in Fighting
 16136 | D:13     | Reached ****** piety under Trog
 16190 | D:13     | Received a gift from Trog
 16533 | D:13     | Noticed a two-headed ogre
 16537 | D:13     | Banished a two-headed ogre
 17114 | D:14     | Found a gate to the Vaults.
 17125 | D:14     | Reached XP level 13. HP: 98/114 MP: 13/13
 18678 | D:14     | Found a gateway to a bazaar.
 18687 | D:14     | Reached skill level 14 in Polearms
 18693 | Bazaar   | Entered a bazaar
 18693 | Bazaar   | Found Daumoejo's Distillery.
 18693 | Bazaar   | Found Jucismy's General Store.
 18693 | Bazaar   | Found Zedasoih's Assorted Antiques.
 18693 | Bazaar   | Found Vinab Efros's Assorted Antiques.
 18698 | Bazaar   | Bought a crooked ivory wand for 112 gold pieces
 18704 | Bazaar   | Bought a twisted scale mail for 216 gold pieces
 18719 | D:14     | Identified the +7 scale mail of Protective Custody {rCorr
                  | Slay+2} (You bought it in a shop in a bazaar)
 19008 | D:7      | Gained mutation: Your body sometimes deteriorates upon
                  | taking damage. [mutagenic glow]
 19154 | D:15     | Entered Level 15 of the Dungeon
 19178 | D:15     | Reached skill level 5 in Evocations
 20083 | D:15     | Noticed a fire dragon
 20131 | D:15     | Killed a fire dragon
 20713 | D:15     | Found a staircase to the Depths.
 21082 | Lair:1   | Entered Level 1 of the Lair of Beasts
 21283 | Lair:1   | Received a gift from Trog
 22093 | Lair:2   | Found a staircase to the Snake Pit.
 22294 | Lair:2   | Reached skill level 15 in Polearms
 22294 | Lair:2   | Reached XP level 14. HP: 90/124 MP: 15/15
 23207 | Lair:3   | Identified a scroll of acquirement
 23343 | Lair:3   | Got a scorched quarterstaff
 23344 | Lair:3   | Identified the +10 quarterstaff "Kyxu Xoism" {vorpal,
                  | *Corrode +Fly Str+2} (You found it on level 3 of the Lair
                  | of Beasts)
 23626 | Lair:3   | Found a hide-covered altar of Uskayaw.
 23925 | Lair:3   | Received a gift from Trog
 24066 | Lair:3   | Found a staircase to the Shoals.
 24656 | Lair:4   | Noticed Rupert
 24658 | Lair:4   | Paralysed by Rupert for 6 turns
 24809 | Lair:4   | Paralysed by Rupert for 2 turns
 25321 | Lair:5   | Found a staircase to the Slime Pits.
 26155 | Temple   | Acquired the +0 pair of gloves of Golden Salvation {rF+
                  | Int+7}
 26374 | Orc:1    | Entered Level 1 of the Orcish Mines
 26426 | Orc:1    | Noticed an orc warlord
 26450 | Orc:1    | Banished an orc warlord
 27071 | Orc:1    | Received a gift from Trog
 27102 | Orc:1    | Found a roughly hewn altar of Beogh.
 28001 | Orc:2    | Entered Level 2 of the Orcish Mines
 28080 | Orc:2    | Reached skill level 16 in Polearms
 28147 | Orc:2    | Found a staircase to the Elven Halls.
 28380 | Orc:2    | Found Yvy Zuhi's Distillery.
 28385 | Orc:2    | Found Bexeri's General Store.
 28521 | Orc:2    | Bought a lightning rod (4/4) for 520 gold pieces
 28521 | Orc:2    | Bought a lightning rod (4/4) for 520 gold pieces
 28613 | Orc:2    | Received a gift from Trog
 28828 | Orc:2    | Found a roughly hewn altar of Beogh.
 29109 | Orc:2    | Paralysed by an orc sorcerer for 5 turns
 29114 | Orc:2    | Gained mutation: You tend to lose your temper in combat. [a
                  | neqoxec]
 29350 | Orc:2    | Reached XP level 15. HP: 133/133 MP: 17/17
 29388 | Orc:2    | Reached skill level 17 in Polearms
 29412 | Orc:2    | Found Uryowk's Gadget Emporium.
 29412 | Orc:2    | Found Ikasie's Antique Armour Shoppe.
 29588 | Orc:2    | Found a one-way gate leading to the halls of Pandemonium.
 29591 | Orc:2    | Bought a wand of clouds (4) for 312 gold pieces
 29591 | Orc:2    | Bought a wand of disintegration (15) for 247 gold pieces
 29911 | Snake:1  | Entered Level 1 of the Snake Pit
 30451 | Snake:1  | Got a crude spear
 30452 | Snake:1  | Identified the +4 spear of Experimentation {drain, rPois
                  | Dex+2} (You found it on level 1 of the Snake Pit)
 32225 | Snake:2  | Reached skill level 18 in Polearms
 32438 | Snake:2  | Found Decihuc's Desiderata Depot.
 32658 | Snake:2  | Found Zorukou's Book Shop.
 32763 | Snake:2  | Found a hazy altar of Hepliaklqana.
 32821 | Snake:3  | Noticed Zonian's ghost (adept HOFi)
 32823 | Snake:3  | Identified the cursed +1 flail "Biosazoq" {elec, *Corrode
                  | rF++ rC+ Dex+4}
 32824 | Snake:3  | Identified the +2 scimitar of the Howling Shrike
                  | {antimagic, rPois}
 32825 | Snake:3  | Found a bloodstained altar of Trog.
 32830 | Snake:3  | Found a transporter.
 32838 | Snake:3  | Found a transporter.
 32841 | Snake:3  | Identified the +5 long sword of World Downfall {antimagic,
                  | Dex+7 Stlth+}
 32852 | Snake:3  | Reached skill level 10 in Staves
 32910 | Snake:3  | Received a gift from Trog
 33174 | Snake:3  | Found Cialische's Jewellery Emporium.
 33174 | Snake:3  | Found Hytwu's Gadget Boutique.
 33175 | Snake:3  | Found Qiohuf's Jewellery Emporium.
 33425 | Snake:3  | Noticed a nagaraja
 33432 | Snake:3  | Killed a nagaraja
 33695 | Snake:3  | Found a runed translucent gate.
 33695 | Snake:3  | Found a runed translucent gate.
 33697 | Snake:3  | Found a runed translucent gate.
 33780 | Snake:3  | Reached XP level 16. HP: 112/144 MP: 18/18
 34105 | Snake:4  | Entered Level 4 of the Snake Pit
 34180 | Snake:4  | Reached skill level 5 in Throwing
 34482 | Snake:4  | Received a gift from Trog
 35886 | Snake:3  | Reached skill level 19 in Polearms
 38848 | Snake:4  | Received a gift from Trog
 38859 | Snake:4  | Reached XP level 17. HP: 144/152 MP: 20/20
 38879 | Snake:4  | Got a serpentine rune of Zot
 39203 | Snake:3  | HP: 7/152 [naga warrior/the +2 scimitar of the Howling
                  | Shrike {antimagic, rPois} (20)]
 39204 | Snake:3  | Slain by a moth of wrath

Illustrated notes

Levels and vault maps discovered:
D:1:      heliophobic_arrival_ceremonial_halls, layout_basic, fountainhead
D:2:      layout_rooms, nicolae_overflow_hidden_temple
D:3:      layout_loops_ring, fedhas_altar_2, first_ration,
          lightli_sewer_entry_pipes
D:4:      layout_loops_corners, chequers_serial_rivers_micro_e, uniq_edmund
D:5:      layout_loops_ring, minmay_temple_entry_glassed_door, serial_rivers,
          chequers_serial_rivers_micro_c, chequers_serial_rivers_micro_a,
          chequers_serial_rivers_room_b, chequers_serial_rivers_micro_a,
          minmay_hedge_maze, uniq_crazy_yiuf_cottage, uniq_blork_the_orc,
          uniq_pikel, uniq_menkaure
D:6:      layout_gridville, nicolae_ossuary_entry_giza,
          biasface_ghost_orc_armoury, skrybe_limestone_x, minmay_three_doors
D:7:      layout_basic, nicolae_ashenzari_panopticon, uniq_harold, uniq_duvessa,
          uniq_maggie
D:8:      layout_basic, serial_shops, nicolae_shop_trees
D:9:      layout_basic, grunt_temple_overflow_open
D:10:     layout_big_octagon, dpeg_lair_monsters
D:11:     layout_stronghold
D:12:     layout_rooms, orc_0_dummy, uniq_kirke
D:13:     layout_basic, uniq_jorgrun
D:14:     lemuel_flame_loot_2, layout_stronghold, erik_vaults_1, serial_shops,
          statue_bzr, nicolae_two_hexagons, david_nohive_1
D:15:     grunt_enter_depths_hoard, layout_loops_ring, serial_glass,
          glass_columns_a, glass_columns_b
Temple:   minmay_crystal_spiral_temple
Lair:1:   layout_regular_city
Lair:2:   layout_cave_pods, guppyfry_snake_entry_island
Lair:3:   wad_woods_stonehenge, layout_cave_pods, minmay_shoals_entry_hut
Lair:4:   layout_cave_pods, minmay_shattered_shrine, infiniplex_staircase_pool,
          uniq_rupert
Lair:5:   layout_roguey, slime_dummy
Snake:1:  layout_chambers
Snake:2:  layout_misc_corridors, basic_altar, serial_shops, shop_fountains,
          drop_trap, nicolae_alphabet_shops
Snake:3:  layout_concentric_octagons, gammafunk_ghost_wrathful_warriors,
          nicolae_snake_horde_hoard, grunt_megastairs_2, minmay_shop_grove
Snake:4:  snake_pit, layout_basic
Orc:1:    layout_diamond_mine, basic_altar, abandoned_shop,
          nicolae_orc_stony_grotto
Orc:2:    pf_orc_diabolical, layout_diamond_mine, basic_altar

Skill      XL: |  1  2  3  4  5  6  7  8  9 10 11 12 13 14 15 16 17 |
---------------+----------------------------------------------------+-----
Fighting       | 4 5 6 7 8 9 10 11 12 13 14 | 14.1
Axes           | 4 5 6 7 9 |  9.3
Armour         | 3 4 5 6 7 8 9 10 11 12 | 12.9
Dodging        | 3 4 5 6 7 9 10 11 12 13 | 13.7
Throwing       | 1 2 3 4 5 6 |  6.0
Staves         | 3 5 6 8 9 10 11 | 11.6
Polearms       | 3 8 11 13 15 16 18 19 | 19.5
Evocations     | 2 4 6 7 9 |  9.0

Action                   |  1- 3 |  4- 6 |  7- 9 | 10-12 | 13-15 | 16-18 || total
-------------------------+-------+-------+-------+-------+-------+-------++-------
Melee: Hand axe          |    86 |   197 |       |       |       |       ||   283
       Headbutt          |    11 |    37 |    39 |    95 |   135 |    44 ||   361
       War axe           |       |    23 |    80 |       |       |       ||   103
       Quarterstaff      |       |       |   124 |       |       |       ||   124
       Glaive            |       |       |    39 |   576 |  1007 |   332 ||  1954
       Unarmed           |       |       |       |     5 |       |       ||     5
Throw: Dart              |       |    24 |     9 |    32 |    27 |     3 ||    95
       Boomerang         |       |       |       |    14 |       |    51 ||    65
       Javelin           |       |       |       |     7 |     6 |    19 ||    32
Invok: Trog's Hand       |       |       |     1 |     1 |     1 |     2 ||     5
       Berserk           |       |       |     1 |       |       |       ||     1
       Brothers in Arms  |       |       |     1 |     2 |     3 |       ||     6
Evoke: Tin of tremorston |       |       |       |     4 |     5 |     2 ||    11
       Wand              |       |       |       |     1 |     6 |     5 ||    12
       Phial of floods   |       |       |       |     1 |     2 |       ||     3
       Box of beasts     |       |       |       |       |     2 |       ||     2
       Phantom mirror    |       |       |       |       |     1 |       ||     1
  Use: Scroll            |     4 |     5 |     5 |    12 |    20 |     9 ||    55
       Potion            |       |       |     6 |     4 |     6 |     3 ||    19
 Stab: Distracted        |       |       |       |     1 |       |       ||     1
       Paralysed         |       |       |       |     3 |       |       ||     3
  Eat: Chunk             |     4 |    11 |     4 |    13 |    15 |     4 ||    51
       Ration            |       |     1 |     3 |     4 |    11 |     5 ||    24
Armor: Animal skin       |     1 |       |       |       |       |       ||     1
       Leather armour    |    22 |    32 |       |       |       |       ||    54
       Ring mail         |       |    13 |    48 |       |       |       ||    61
       Scale mail        |       |       |    13 |       |   209 |   120 ||   342
       Chain mail        |       |       |    22 |    37 |       |       ||    59
       Plate armour      |       |       |       |   219 |    23 |       ||   242
Dodge: Dodged            |    72 |   129 |   126 |   423 |   532 |   247 ||  1529
Block: Other             |       |    18 |    50 |   136 |   131 |    56 ||   391
       Reflection        |       |       |     2 |     3 |    15 |    16 ||    36
